MLB
HOUSTON ASTROS @ CHICAGO CUBS
04/23/2024
 
TOP OF THE 1ST
Houston Astros batting - Pitching for Chicago Cubs : RHP Evan Smith
Pitching: RHP Evan Smith
Batting: LHB Richard Fowler 0-0: Called Strike
0-1: Called Strike
0-2: Strikes out swinging, 2-3 out at first.
Batting: SHB José González 0-0: Ball
1-0: Swinging Strike
1-1: Ball
2-1: Fly out, F9 (Flyball, 9D, EV 108.8 MPH)
Batting: RHB Julián Silva 0-0: Ball
1-0: Called Strike
1-1: Ground out 4-3 (Groundball, 4MD, EV 81.3 MPH)
Top of the 1st over - 0 runs, 0 hits, 0 errors, 0 left on base; Houston 0 - Chicago 0
BOTTOM OF THE 1ST
Chicago Cubs batting - Pitching for Houston Astros : LHP Reginald McMillan
Pitching: LHP Reginald McMillan
Batting: SHB Red Elder 0-0: Swinging Strike
0-1: Ball
1-1: Called Strike
1-2: Ball
2-2: DOUBLE (Flyball, 8RXD, EV 95.6 MPH)
Batting: RHB Dion Hightower 0-0: Called Strike
0-1: Called Strike
0-2: Ground out 4-3 (Groundball, 4, EV 90.0 MPH)
Red Elder to third
Batting: RHB Eduardo Vallés 0-0: DOUBLE (Flyball, 78D, EV 88.1 MPH)
Red Elder scores
Batting: LHB Raúl Domínguez 0-0: Ball
1-0: Fly out, F8 (Flyball, 8RS, EV 77.5 MPH)
Batting: RHB Matthew Lugo 0-0: Ball
1-0: Fly out, F9 (Flyball, 89M, EV 75.0 MPH)
Bottom of the 1st over - 1 run, 2 hits, 0 errors, 1 left on base; Houston 0 - Chicago 1
TOP OF THE 2ND
Houston Astros batting - Pitching for Chicago Cubs : RHP Evan Smith
Batting: LHB Edgardo Arredondo 0-0: Ground out U3 (Groundball, 3L, EV 85.6 MPH)
Batting: RHB Fernando Tatis Jr. 0-0: Ball
1-0: Swinging Strike
1-1: Called Strike
1-2: Ground out 5-3 (Groundball, 56, EV 90.0 MPH)
Batting: SHB Aaron White 0-0: Called Strike
0-1: Ball
1-1: Ball
2-1: Ground out 1-3 (Groundball, 13S, EV 76.3 MPH)
Top of the 2nd over - 0 runs, 0 hits, 0 errors, 0 left on base; Houston 0 - Chicago 1
BOTTOM OF THE 2ND
Chicago Cubs batting - Pitching for Houston Astros : LHP Reginald McMillan
Batting: LHB Tyler Hill 0-0: Ball
1-0: Ball
2-0: Called Strike
2-1: Ball
3-1: Called Strike
3-2: Foul Ball, location: 23FF
3-2: Fly out, F9 (Flyball, 89M, EV 84.4 MPH)
Batting: RHB Cameron Cannon 0-0: Ball
1-0: Ball
2-0: Ball
3-0: Called Strike
3-1: Base on Balls
Batting: RHB Carlos Romero 0-0: Ball
1-0: Grounds into double play, 5-4-3 (Groundball, 5, EV 76.9 MPH)
Bottom of the 2nd over - 0 runs, 0 hits, 0 errors, 0 left on base; Houston 0 - Chicago 1
TOP OF THE 3RD
Houston Astros batting - Pitching for Chicago Cubs : RHP Evan Smith
Batting: RHB Alex Bregman 0-0: Called Strike
0-1: Ball
1-1: Foul Ball, location: 9LMF
1-2: Foul Ball, location: 3FF
1-2: Ball
2-2: Ball
3-2: DOUBLE (Flyball, 8RXD, EV 101.9 MPH)
Batting: LHB Darge Kawawe 0-0: Called Strike
0-1: Fly out, F4 (Popup, 4D, EV 60.0 MPH)
Batting: RHB Ron Winterhalder 0-0: Ball
1-0: SINGLE (Line Drive, 34D, EV 96.3 MPH)
Alex Bregman to third
Batting: LHB Richard Fowler 0-0: Ball
1-0: Ball
2-0: Ball
3-0: Called Strike
3-1: Base on Balls
Ron Winterhalder to second
Batting: SHB José González 0-0: Ball
1-0: Ball
2-0: SINGLE (Line Drive, 7S, EV 95.0 MPH)
Alex Bregman scores
Ron Winterhalder to third
Richard Fowler to second
Batting: RHB Julián Silva 0-0: Swinging Strike
0-1: Ball
1-1: Swinging Strike
1-2: Strikes out swinging
Batting: LHB Edgardo Arredondo 0-0: Fly out, F8 (Flyball, 8LD, EV 99.4 MPH)
Top of the 3rd over - 1 run, 3 hits, 0 errors, 3 left on base; Houston 1 - Chicago 1
BOTTOM OF THE 3RD
Chicago Cubs batting - Pitching for Houston Astros : LHP Reginald McMillan
Batting: RHB Ricardo Rosa 0-0: Ball
1-0: Ball
2-0: Foul Ball, location: 9LDF
2-1: Fly out, F7 (Line Drive, 7S, EV 106.9 MPH)
Batting: SHB Red Elder 0-0: Swinging Strike
0-1: Ball
1-1: Fly out, F8 (Flyball, 8RD, EV 108.8 MPH)
Batting: RHB Dion Hightower 0-0: Swinging Strike
0-1: Foul Ball, location: 2F
0-2: Foul Ball, location: 5F
0-2: Foul Ball, location: 3F
0-2: Ball
1-2: Ball
2-2: Strikes out swinging
Bottom of the 3rd over - 0 runs, 0 hits, 0 errors, 0 left on base; Houston 1 - Chicago 1
TOP OF THE 4TH
Houston Astros batting - Pitching for Chicago Cubs : RHP Evan Smith
Batting: RHB Fernando Tatis Jr. 0-0: Called Strike
0-1: Called Strike
0-2: Ground out U3 (Groundball, 3L, EV 101.3 MPH)
Batting: SHB Aaron White 0-0: Ball
1-0: Foul Ball, location: 7LMF
1-1: Ball
2-1: Swinging Strike
2-2: Ground out 5-3 (Groundball, 56S, EV 80.6 MPH)
Batting: RHB Alex Bregman 0-0: Ball
1-0: Swinging Strike
1-1: Foul Ball, location: 5F
1-2: Ball
2-2: Fly out, F7 (Flyball, 78M, EV 87.5 MPH)
Top of the 4th over - 0 runs, 0 hits, 0 errors, 0 left on base; Houston 1 - Chicago 1
BOTTOM OF THE 4TH
Chicago Cubs batting - Pitching for Houston Astros : LHP Reginald McMillan
Batting: RHB Eduardo Vallés 0-0: Ball
1-0: Called Strike
1-1: Fly out, F7 (Flyball, 78M, EV 87.5 MPH)
Batting: LHB Raúl Domínguez 0-0: Fly out, F8 (Flyball, 8LS, EV 83.1 MPH)
Batting: RHB Matthew Lugo 0-0: Ball
1-0: Ball
2-0: Ball
3-0: Base on Balls
Batting: LHB Tyler Hill 0-0: Called Strike
0-1: Ball
1-1: Swinging Strike
1-2: Foul Ball, location: 5FF
1-2: Foul Ball, location: 5F
1-2: Ball
2-2: Ball
3-2: Base on Balls
Matthew Lugo to second
Batting: RHB Cameron Cannon 0-0: Ball
1-0: DOUBLE (Line Drive, 78D, EV 108.1 MPH)
Matthew Lugo scores
Tyler Hill to third
Batting: RHB Carlos Romero 0-0: Foul Ball, location: 2F
0-1: Ball
1-1: Foul Ball, location: 9LDF
1-2: Strikes out swinging
Bottom of the 4th over - 1 run, 1 hit, 0 errors, 2 left on base; Houston 1 - Chicago 2
TOP OF THE 5TH
Houston Astros batting - Pitching for Chicago Cubs : RHP Evan Smith
Batting: LHB Darge Kawawe 0-0: Ball
1-0: Ball
2-0: Foul Ball, location: 3F
2-1: Ball
3-1: Base on Balls
Batting: RHB Ron Winterhalder 0-0: Called Strike
0-1: Called Strike
0-2: Strikes out swinging
Batting: LHB Richard Fowler 0-0: Ball
Darge Kawawe steals 2nd base (no throw)
1-0: Ball
2-0: Fly out, F8 (Flyball, 8LM, EV 100.0 MPH)
Batting: SHB José González 0-0: Ball
1-0: Foul Ball, location: 2F
1-1: Ball
2-1: Ball
3-1: Base on Balls
Batting: RHB Julián Silva 0-0: Called Strike
0-1: Fly out, F3 (Popup, 3, EV 78.8 MPH)
Top of the 5th over - 0 runs, 0 hits, 0 errors, 2 left on base; Houston 1 - Chicago 2
BOTTOM OF THE 5TH
Chicago Cubs batting - Pitching for Houston Astros : LHP Reginald McMillan
Batting: RHB Ricardo Rosa 0-0: Ground out 5-3 (Groundball, 56, EV 88.8 MPH)
Batting: SHB Red Elder 0-0: Foul Ball, location: 5FF
0-1: DOUBLE (Line Drive, 89M, EV 102.5 MPH)
Batting: RHB Dion Hightower 0-0: Ball
1-0: Called Strike
1-1: Ball
2-1: Swinging Strike
2-2: Strikes out looking
Batting: RHB Eduardo Vallés 0-0: Foul Ball, location: 5F
0-1: SINGLE (Line Drive, 9LS, EV 103.1 MPH)
Red Elder to third
Runner from 3rd tries for Home, throw by RF and OUT! 9-2
Bottom of the 5th over - 0 runs, 2 hits, 0 errors, 1 left on base; Houston 1 - Chicago 2
TOP OF THE 6TH
Houston Astros batting - Pitching for Chicago Cubs : RHP Evan Smith
Pitching: RHP Drew Nembhard
Batting: LHB Edgardo Arredondo 0-0: Ball
1-0: Ball
2-0: Ball
3-0: Base on Balls
Batting: RHB Fernando Tatis Jr. 0-0: Called Strike
0-1: Called Strike
0-2: Ball
1-2: Fielders Choice at 2nd, 6-4 (Groundball, 6S, EV 87.5 MPH)
Batting: SHB Aaron White 0-0: Called Strike
Fernando Tatis Jr. steals 2nd base
0-1: Fly out, F5 (Popup, 6, EV 56.3 MPH)
Batting: RHB Alex Bregman 0-0: Ball
1-0: Called Strike
1-1: Ball
2-1: Foul Ball, location: 25F
2-2: Foul Ball, location: 2F
2-2: Ground out 5-3 (Groundball, 5, EV 78.8 MPH)
Top of the 6th over - 0 runs, 0 hits, 0 errors, 1 left on base; Houston 1 - Chicago 2
BOTTOM OF THE 6TH
Chicago Cubs batting - Pitching for Houston Astros : LHP Reginald McMillan
Pitching: RHP Josh Norbe
Batting: LHB Raúl Domínguez 0-0: Called Strike
0-1: Fly out, F6 (Popup, P, EV 78.8 MPH)
Batting: RHB Matthew Lugo 0-0: Ball
1-0: Ball
2-0: Ball
3-0: Called Strike
3-1: Base on Balls
Batting: LHB Tyler Hill 0-0: Ball
1-0: Called Strike
1-1: Ball
2-1: Foul Ball, location: 9LSF
2-2: Foul Ball, location: 5F
2-2: Ball
3-2: Foul Ball, location: 2F
3-2: Base on Balls
Matthew Lugo to second
Batting: RHB Cameron Cannon 0-0: Ball
1-0: Called Strike
1-1: Ground out 5-3 (Groundball, 5S, EV 83.1 MPH)
Matthew Lugo to third
Tyler Hill to second
Batting: RHB Carlos Romero 0-0: Called Strike
0-1: Ball
1-1: Ball
2-1: Fly out, F8 (Flyball, 8LD, EV 75.0 MPH)
Bottom of the 6th over - 0 runs, 0 hits, 0 errors, 2 left on base; Houston 1 - Chicago 2
TOP OF THE 7TH
Houston Astros batting - Pitching for Chicago Cubs : RHP Drew Nembhard
Batting: LHB Darge Kawawe 0-0: Ball
1-0: SINGLE (Line Drive, 8LS, EV 105.0 MPH)
Batting: RHB Ron Winterhalder 0-0: Called Strike
0-1: Called Strike
0-2: 2-RUN HOME RUN (Flyball, 9LD, EV 98.8 MPH), Distance : 374 ft
Pitching: RHP Jeffery Scanlon
Batting: LHB Richard Fowler 0-0: Ball
1-0: Foul Ball, location: 7LDF
1-1: DOUBLE (Groundball, 3L, EV 107.5 MPH)
Batting: SHB José González 0-0: Ball
1-0: Foul Ball, location: 2F
1-1: Ball
2-1: Ground out 6-3 (Groundball, 6, EV 89.4 MPH)
Richard Fowler to third
Batting: RHB Julián Silva 0-0: Foul Ball, location: 2F
0-1: Ball
Wild Pitch!
Richard Fowler scores
1-1: Foul Ball, location: 2F
1-2: Fly out, F9 (Flyball, 9, EV 82.5 MPH)
Batting: LHB Edgardo Arredondo 0-0: Called Strike
0-1: Called Strike
0-2: Ball
1-2: Strikes out swinging
Top of the 7th over - 3 runs, 3 hits, 0 errors, 0 left on base; Houston 4 - Chicago 2
BOTTOM OF THE 7TH
Chicago Cubs batting - Pitching for Houston Astros : RHP Josh Norbe
Pitching: RHP Roberto Osuna
Batting: RHB Ricardo Rosa 0-0: Called Strike
0-1: Ball
1-1: Foul Ball, location: 2F
1-2: Foul Ball, location: 7LMF
1-2: Strikes out swinging
Batting: SHB Red Elder 0-0: Ball
1-0: Foul Ball, location: 7LSF
1-1: Hit by Pitch
Batting: RHB Dion Hightower 0-0: Called Strike
0-1: Called Strike
0-2: Ball
1-2: Foul Ball, location: 2F
1-2: Ball
2-2: Fly out, F2 (Popup, 23F, EV 88.8 MPH)
Batting: RHB Eduardo Vallés 0-0: Ball
1-0: Ball
Red Elder steals 2nd base
2-0: Fly out, F8 (Flyball, 8RD, EV 96.9 MPH)
Bottom of the 7th over - 0 runs, 0 hits, 0 errors, 1 left on base; Houston 4 - Chicago 2
TOP OF THE 8TH
Houston Astros batting - Pitching for Chicago Cubs : RHP Jeffery Scanlon
Pitching: RHP Braydon Fisher
Batting: RHB Fernando Tatis Jr. 0-0: Called Strike
0-1: Ball
1-1: Foul Ball, location: 3F
1-2: Ball
2-2: Ground out 3-1 (Groundball, 34, EV 78.1 MPH)
Batting: SHB Aaron White 0-0: Ball
1-0: Ground out 4-3 (Groundball, 4S, EV 87.5 MPH)
Batting: RHB Alex Bregman 0-0: Ball
1-0: Foul Ball, location: 2F
1-1: Called Strike
1-2: Ball
2-2: Foul Ball, location: 2F
2-2: Ball
3-2: Foul Ball, location: 2F
3-2: SINGLE (Groundball, 34D, EV 106.9 MPH)
Batting: LHB Darge Kawawe 0-0: Called Strike
0-1: Swinging Strike
0-2: Ball
1-2: Ball
2-2: Ball
3-2: Base on Balls
Alex Bregman to second
Batting: RHB Ron Winterhalder 0-0: Ball
1-0: Fly out, F8 (Flyball, 89M, EV 90.0 MPH)
Top of the 8th over - 0 runs, 1 hit, 0 errors, 2 left on base; Houston 4 - Chicago 2
BOTTOM OF THE 8TH
Chicago Cubs batting - Pitching for Houston Astros : RHP Roberto Osuna
Batting: LHB Raúl Domínguez 0-0: Called Strike
0-1: Called Strike
0-2: Ball
1-2: Ball
2-2: Ball
3-2: Strikes out swinging
Pitching: RHP Raisel Iglesias
Batting: RHB Matthew Lugo 0-0: Ball
1-0: Ball
2-0: Foul Ball, location: 2F
2-1: Foul Ball, location: 25F
2-2: Strikes out swinging
Batting: LHB Tyler Hill 0-0: Ball
1-0: Ball
2-0: Called Strike
2-1: Ground out U3 (Groundball, 23, EV 76.3 MPH)
Bottom of the 8th over - 0 runs, 0 hits, 0 errors, 0 left on base; Houston 4 - Chicago 2
TOP OF THE 9TH
Houston Astros batting - Pitching for Chicago Cubs : RHP Braydon Fisher
Pitching: LHP Christopher Hanna
Batting: LHB Richard Fowler 0-0: Called Strike
0-1: Ball
1-1: Ball
2-1: Foul Ball, location: 23F
2-2: Strikes out swinging
Batting: SHB José González 0-0: Called Strike
0-1: Ball
1-1: Ground out 5-3 (Groundball, 56S, EV 90.0 MPH)
Batting: RHB Julián Silva 0-0: Swinging Strike
0-1: Foul Ball, location: 23F
0-2: Foul Ball, location: 3FF
0-2: Ball
1-2: Fly out, F8 (Flyball, 8RM, EV 97.5 MPH)
Top of the 9th over - 0 runs, 0 hits, 0 errors, 0 left on base; Houston 4 - Chicago 2
BOTTOM OF THE 9TH
Chicago Cubs batting - Pitching for Houston Astros : RHP Raisel Iglesias
Pitching: RHP Mark López
Now at 2B: Alex Bregman
Now at 3B: Fernando Tatis Jr.
Now at SS: Bill Weaver
Batting: RHB Cameron Cannon 0-0: Ball
1-0: Foul Ball, location: 25F
1-1: Foul Ball, location: 9LSF
1-2: Ground out 4-3 (Groundball, 4, EV 79.4 MPH)
Batting: RHB Carlos Romero 0-0: Called Strike
0-1: Foul Ball, location: 9LMF
0-2: Ball
1-2: Foul Ball, location: 9LDF
1-2: Ball
2-2: Strikes out swinging
Batting: RHB Ricardo Rosa 0-0: Ball
1-0: Fly out, F8 (Flyball, 8RM, EV 88.8 MPH)
Bottom of the 9th over - 0 runs, 0 hits, 0 errors, 0 left on base; Houston 4 - Chicago 2
Thursday, May 2nd , 2024 - OOTP Baseball 24.11 Build 85